AoeStats
← Tazabatan

Arabia

504194079Analyzed
1v1 RM · 27d ago on Sep 4, 2026· 32m 21s· 2 players
Game mode
Random Map
Map size
Tiny (2 player)
Population
200
Speed
Normal
Resources
Standard
Victory
Conquest
Starting age
Dark Age
Ending age
Imperial Age
RankedLock teamsTeams togetherTeam positionsShared explorationLock speedFull tech treeHidden civsTurbo modeCheats
Victory
Defeat
🇬🇧 Romans · United Kingdom
1001
+42
🇪🇸 Cumans · Spain
988
-15
ivaneh70
3:32 Loom
11:57 Feudal Age
19:18 Town Watch
21:49 Wheelbarrow
24:27 Castle Age
24:07 Padded Archer Armor
24:10 Fletching
29:26 Crossbowman
Tazabatan
6:48 Loom
9:23 Feudal Age
10:07 Double-Bit Axe
11:20 Man-at-Arms
13:28 Fletching
21:04 Castle Age
20:11 Forging
20:01 Scale Mail Armor
20:02 Horse Collar
20:16 Gold Mining
22:27 Chain Mail Armor
23:12 Wheelbarrow
22:04 Long Swordsman
26:25 Bow Saw
26:42 Town Watch
28:21 Ballistics
30:16 Squires
Connection lost

Rejoining the realm…

Still unreachable

The connection could not be restored.

Session expired

The server has moved on; the page needs a fresh start.